 Dungeon Crawl Stone Soup version 0.26-a0-40-gfe7b5d5a6f (webtiles) character file.

Game seed: 8945271260270541366, levelgen mode: deterministic

6 Hastur the Charlatan (level 1, -1/15 HPs)
             Began as a Demonspawn Artificer on May 31, 2020.
             Slain by a hobgoblin
             ... wielding a +0 club
              (5 damage)
             ... on level 1 of the Dungeon.
             The game lasted 00:01:02 (271 turns).

Hastur the Charlatan (Demonspawn Artificer)          Turns: 271, Time: 00:01:02

Health: -1/15      AC:  3    Str: 12    XL:     1   Next: 75%
Magic:  3/3        EV: 12    Int: 12    God:
Gold:   22         SH:  0    Dex: 13    Spells: 0/0 levels left

rFire    . . .     SeeInvis .   a - +0 short sword
rCold    . . .     Gourm    .   (no shield)
rNeg     . . .     Faith    .   b - +0 leather armour
rPois    .         Spirit   .   (no helmet)
rElec    .         Reflect  .   (no cloak)
rCorr    .         Harm     .   (no gloves)
MR       .....                  (no boots)
Stlth    +.........             (no amulet)
HPRegen  0.05/turn              (no ring)
MPRegen  0.08/turn              (no ring)

@: no status effects
A: no striking features
a: no special abilities


You were on level 1 of the Dungeon.
You were not hungry.

You visited 1 branch of the dungeon, and saw 1 of its levels.

You collected 22 gold pieces.

Inventory:

Hand Weapons
 a - a +0 short sword (weapon)
Missiles
 j - 16 sling bullets
 l - 22 stones (quivered)
Armour
 b - a +0 leather armour (worn)
Wands
 c - a wand of flame (15)
 d - a wand of enslavement (15)
 e - a wand of random effects (15)
Scrolls
 g - a scroll of identify {unknown}
 i - a scroll of remove curse {unknown}
 k - a scroll of blinking {unknown}
Comestibles
 f - 2 rations
 h - 4 chunks of flesh


   Skills:
 + Level 1.4 Fighting
 - Level 0.8 Short Blades
 - Level 1.7 Dodging
 + Level 1.3 Stealth
 - Level 3.0 Evocations


You couldn't memorise any spells.
You didn't know any spells.
Your spell library was empty.

Dungeon Overview and Level Annotations

Branches:
Dungeon (1/15)

Altars:

Annotations:
D:1 exclusion: gnoll


Message History

The hobgoblin hits you with a +0 club.
* * * LOW HITPOINT WARNING * * *
Evoke which item? (* to show all) (? for menu, Esc to quit)
Okay, then.
Throwing (i - inventory)
l - 24 stones (quivered)
Press: ? - help, Shift-Dir - straight line, f - hobgoblin
Aim: a hobgoblin, wielding a +0 club (moderately wounded)
You throw a stone. The stone hits the hobgoblin.
The hobgoblin is heavily wounded.
The hobgoblin closely misses you.
Throwing (i - inventory)
l - 23 stones (quivered)
Press: ? - help, Shift-Dir - straight line, f/p - hobgoblin
Aim: a hobgoblin, wielding a +0 club (heavily wounded)
You throw a stone. The stone hits the hobgoblin.
The hobgoblin is severely wounded.
The hobgoblin closely misses you.
Your leather armour prevents you from hitting the hobgoblin.
The hobgoblin is severely wounded.
The hobgoblin hits you with a +0 club.
You die...

.... #............
..).########..######..#
.....#....#...######..#
#........#......).## .
###....###.######.###...
#....###.#....#.#.....
#.....##.#<.#.#.####.#
#####......#.####.#.##....
.........@##......#.#..#
#####.....g########.#.##
#......(.(......###
#....#..#######..# .
###..###.#######..# .
..#..###..........## .
#.......[.)###.#...# .
##.#....#### #.....# .
..#....########...###.


You could see a hobgoblin.

Vanquished Creatures
  A dart slug (D:1)
  2 bats (D:1)
  A hobgoblin (D:1)
4 creatures vanquished.

Notes
Turn   | Place    | Note
-------+----------+-------------------------------------------
     0 | D:1      | Hastur the Demonspawn Artificer began the quest for the
                  | Orb.
     0 | D:1      | Reached XP level 1. HP: 15/15 MP: 3/3
    23 | D:1      | Reached skill level 1 in Stealth
   271 | D:1      | Slain by a hobgoblin

Illustrated notes

Levels and vault maps discovered:
D:1:      zelgadis_glass_arrival_small, layout_rooms

Skill      XL: |  1 |
---------------+----+-----
Stealth        | 1 |  1.3
Fighting       | |  1.4
Short Blades   | |  0.8
Dodging        | |  1.7
Evocations     | |  3.0

Action                   || total
-------------------------++-------
Melee: Short sword       ||    28
Throw: Stone             ||     2
Armor: Leather armour    ||    10
Dodge: Dodged            ||    15

Table legend:
 A = Non-vault XP
 B = Vault XP
 C = Vault XP percentage of total XP
 D = Non-vault monster count
 E = Vault monster count
 F = Vault count percentage of total count
                 A         B        C        D         E       F
            +---------+---------+-------+---------+---------+-------
      Total |       9 |       0 |   0.0 |       4 |       0 |   0.0
            +---------+---------+-------+---------+---------+-------
        D:1 |       9 |       0 |   0.0 |       4 |       0 |   0.0
            +---------+---------+-------+---------+---------+-------
